[Event "Titled Tuesday Blitz August 1 Early 2023"]
[White "Sokolovsky, Yahli"]
[Black "Namitbir Singh Walia"]
[WhiteFideId "2820242"]
[BlackFideId "35071068"]
[WhiteElo "2706"]
[BlackElo "2392"]
[Result "1-0"]
[Round "1"]
[TimeControl "180+1"]
[Date "2023.08.01"]
[WhiteClock "0:00:15"]
[BlackClock "0:00:15"]
[Board "112"]

1. b3 e5 2. Bb2 Nc6 3. e3 d6 4. d4 exd4 5. exd4 d5 6. Nf3 Bd6 7. Bb5 Nf6 8. O-O O-O 9. c4 a6 10. Bxc6 bxc6 11. c5 Bf4 12. Bc1 Bxc1 13. Qxc1 a5 14. Ne5 Nd7 15. Nxc6 Qf6 16. Ne5 Nxe5 17. dxe5 Qxe5 18. Nd2 c6 19. Nf3 Qf6 20. Qd2 Bg4 21. Nd4 Bd7 22. Rfe1 Rfe8 23. Rad1 a4 24. Rxe8+ Bxe8 25. b4 a3 26. Re1 Bd7 27. f4 h6 28. Re5 Re8 29. Rxe8+ Bxe8 30. Qe3 Bd7 31. h3 Bf5 32. Kh2 Be4 33. b5 cxb5 34. c6 Qd6 35. Qc1 Qg6 36. g3 Bf5 37. Nxf5 Qxf5 38. c7 Qc8 39. Qc6 Kf8 40. Qc5+ Ke8 41. Qxb5+ Ke7 42. Qc5+ Ke6 43. Qc6+ Ke7 44. Kg2 d4 45. Kf3 d3 46. Ke3 Qd7 47. Qxd7+ Kxd7 48. Kxd3 Kxc7 49. Kc3 Kd6 50. Kb3 Kd5 51. Kxa3 Ke4 52. Kb4 Kf3 53. a4 Kxg3 54. a5 g5 55. fxg5 hxg5 56. a6 Kxh3 57. a7 g4 58. a8=Q g3 59. Qh1+ Kg4 60. Qe4+ Kh3 61. Qf5+ Kh2 62. Qxf7 g2 63. Qf2 Kh1 64. Qh4+ Kg1 65. Kc3 Kf1 66. Qf4+ Kg1 67. Kd3 Kh1 68. Qh4+ Kg1 69. Ke3 1-0


[Site "https://www.chess.com"]

[Event "Titled Tuesday Blitz August 1 Early 2023"]
[White "Gombocz, Ferenc Jr."]
[Black "Morefield, Jason"]
[WhiteFideId "775029"]
[BlackFideId "30920825"]
[WhiteElo "2391"]
[BlackElo "2705"]
[Result "0-1"]
[Round "1"]
[TimeControl "180+1"]
[Date "2023.08.01"]
[WhiteClock "0:00:15"]
[BlackClock "0:00:06"]
[Board "113"]

1. d4 d5 2. Nf3 Nf6 3. Bf4 c5 4. e3 Nc6 5. Nbd2 Qb6 6. dxc5 Qxb2 7. Rb1 Qc3 8. Bb5 g6 9. e4 dxe4 10. Be5 Qa5 11. O-O exf3 12. Bxc6+ bxc6 13. Qxf3 Nd5 14. Bxh8 Qxd2 15. c4 f6 16. Rfd1 Qc3 17. cxd5 Qxf3 18. gxf3 Bf5 19. Rb7 O-O-O 20. Rxa7 Kb8 21. Ra6 cxd5 22. Rd4 Kc7 23. Rb4 d4 24. Rbb6 d3 25. Ra7+ Kc8 26. Ra8+ Kc7 27. Ra7+ Kc8 28. Ra8+ Kd7 29. c6+ Ke8 30. Rbb8 Rxb8 31. Rxb8+ Kf7 32. c7 d2 33. Rd8 Bh6 34. Kf1 Bf4 35. Ke2 Bxc7 36. Rxd2 Bxh2 37. Rb2 Be5 38. Rb6 h5 39. a4 h4 40. Rc6 h3 41. Rc1 h2 42. Ke3 g5 43. Rh1 Bh3 44. f4 Bxf4+ 45. Kf3 e5 46. a5 g4+ 47. Ke2 Bg2 48. Rxh2 Bxh2 49. a6 Ba8 50. a7 g3 51. Ke3 g2 52. Ke2 g1=Q 53. Ke3 Qg4 0-1


[Site "https://www.chess.com"]

[Event "Titled Tuesday Blitz August 1 Early 2023"]
[White "Brodowski, Piotr"]
[Black "jimmy-schlumpf"]
[WhiteFideId "1124480"]
[WhiteElo "2703"]
[BlackElo "2388"]
[Result "1-0"]
[Round "1"]
[TimeControl "180+1"]
[Date "2023.08.01"]
[WhiteClock "0:00:28"]
[BlackClock "0:00:04"]
[Board "114"]

1. c4 Nf6 2. Nc3 e5 3. Nf3 e4 4. Ng5 c6 5. Ngxe4 Nxe4 6. Nxe4 d5 7. cxd5 cxd5 8. Ng3 h5 9. e3 h4 10. Ne2 Nc6 11. d4 Qe7 12. Nc3 Be6 13. Be2 h3 14. g3 O-O-O 15. Bd2 Qf6 16. Qb3 Kb8 17. f4 g5 18. O-O-O gxf4 19. gxf4 Rc8 20. Kb1 Bf5+ 21. Ka1 Nb4 22. Rc1 Qb6 23. Na4 Nc2+ 24. Rxc2 Bxc2 25. Nxb6 Bxb3 26. Nxc8 Ba4 27. Bg4 Bc2 28. Rc1 Be4 29. Bd7 f5 30. a3 Rg8 31. Bb4 Bxb4 32. axb4 Rg2 33. Nd6 a6 34. Nxe4 1-0


[Site "https://www.chess.com"]

[Event "Titled Tuesday Blitz August 1 Early 2023"]
[White "Hu, Merric"]
[Black "Gunina, Valentina"]
[WhiteFideId "30906660"]
[BlackFideId "4167570"]
[WhiteElo "2386"]
[BlackElo "2700"]
[Result "0-1"]
[Round "1"]
[TimeControl "180+1"]
[Date "2023.08.01"]
[WhiteClock "0:00:23"]
[BlackClock "0:00:15"]
[Board "115"]

1. Nc3 d5 2. d4 Nf6 3. Nf3 Bf5 4. h3 Nbd7 5. Bf4 e6 6. e3 Bb4 7. Bd3 Ne4 8. Bxe4 Bxe4 9. O-O Bg6 10. Nb5 Ba5 11. Rc1 O-O 12. c4 a6 13. Na3 c6 14. cxd5 exd5 15. Nb1 Bh5 16. a3 Re8 17. Nc3 Bxc3 18. Rxc3 Nf6 19. g4 Bg6 20. Ne5 Ne4 21. Rc1 Qh4 22. Kg2 h5 23. f3 Ng5 24. Bg3 Qxh3+ 25. Kf2 Ne4+ 26. fxe4 Bxe4 27. Rg1 h4 28. Bf4 f6 29. Nf3 g5 30. Bd6 Re6 31. Bc7 Rc8 32. Ba5 Rce8 33. Bd2 f5 34. gxf5 g4 35. Rh1 g3+ 36. Ke2 Qg2+ 0-1


[Site "https://www.chess.com"]

[Event "Titled Tuesday Blitz August 1 Early 2023"]
[White "only_strong_moves"]
[Black "Tarasova, Viktoriya"]
[BlackFideId "4175840"]
[WhiteElo "2700"]
[BlackElo "2384"]
[Result "1-0"]
[Round "1"]
[TimeControl "180+1"]
[Date "2023.08.01"]
[WhiteClock "0:00:10"]
[BlackClock "0:00:04"]
[Board "116"]

1. d4 Nf6 2. Nc3 d5 3. Bf4 a6 4. e3 Bf5 5. Nf3 e6 6. Ne5 h6 7. g4 Bh7 8. Bd3 Bxd3 9. Qxd3 Nbd7 10. h3 c5 11. Nxd7 Nxd7 12. O-O-O c4 13. Qe2 b5 14. e4 Nb6 15. Qf3 b4 16. Nb1 Be7 17. Qg3 Rc8 18. c3 a5 19. h4 dxe4 20. g5 h5 21. Rhe1 Nd5 22. Rxe4 g6 23. Be5 O-O 24. Rd2 Qb6 25. Kd1 a4 26. Ke1 a3 27. Ree2 bxc3 28. Nxc3 axb2 29. Rxb2 Qa5 30. Rbc2 Bb4 31. Re3 Rc6 32. Kf1 Nxe3+ 33. Qxe3 Bxc3 34. Rxc3 Rb6 35. Qf3 Rb1+ 36. Kg2 Qa8 37. Qxa8 Rxa8 38. Rxc4 Rb2 39. a3 Ra2 40. Bd6 Rd8 41. Be7 Re8 42. Bb4 f6 43. Rc7 fxg5 44. hxg5 Rd8 45. Bc5 Rc2 46. Re7 Rf8 47. Rxe6 Rfxf2+ 48. Kg3 Rg2+ 49. Kf4 Rgf2+ 50. Kg3 Rg2+ 51. Kh3 Rh2+ 52. Kg3 Rcg2+ 53. Kf3 Rf2+ 54. Kg3 Rfg2+ 55. Kf3 Re2 56. Rxe2 Rh3+ 57. Kf4 Rh4+ 58. Ke5 Rh3 59. Kf6 1-0


[Site "https://www.chess.com"]

[Event "Titled Tuesday Blitz August 1 Early 2023"]
[White "Amanov, Zhanibek"]
[Black "Materia, Marco"]
[WhiteFideId "13700189"]
[BlackFideId "45150451"]
[WhiteElo "2384"]
[BlackElo "2700"]
[Result "0-1"]
[Round "1"]
[TimeControl "180+1"]
[Date "2023.08.01"]
[WhiteClock "0:00:45"]
[BlackClock "0:01:06"]
[Board "117"]

1. e4 c5 2. Nf3 e6 3. c3 d5 4. exd5 Qxd5 5. d4 Nf6 6. Bb5+ Bd7 7. Bxd7+ Nbxd7 8. O-O Be7 9. h3 O-O 10. Be3 Rfd8 11. Nbd2 cxd4 12. Nxd4 Nc5 13. N2b3 Nce4 14. Qe2 a5 15. Rad1 a4 16. Nc1 a3 17. c4 Qe5 18. Ncb3 axb2 19. Qxb2 Bd6 20. f4 Qh5 21. Nf3 Ng3 22. Rf2 Nf5 23. Bc1 Bc7 24. Rfd2 Rxd2 25. Bxd2 Ne4 26. Be1 Bxf4 27. Qe2 Be3+ 28. Kh2 Qh6 29. Qd3 Ned6 30. c5 Qf4+ 31. g3 Qxf3 32. cxd6 Rxa2+ 33. Bd2 Qxg3+ 34. Kh1 Qxh3# 0-1


[Site "https://www.chess.com"]

[Event "Titled Tuesday Blitz August 1 Early 2023"]
[White "Zeynalli, Rashad"]
[Black "Eggleston, Thomas A"]
[WhiteFideId "13403320"]
[BlackFideId "412139"]
[WhiteElo "2695"]
[BlackElo "2383"]
[Result "1-0"]
[Round "1"]
[TimeControl "180+1"]
[Date "2023.08.01"]
[WhiteClock "0:01:38"]
[BlackClock "0:00:01"]
[Board "118"]

1. e4 e6 2. d4 d5 3. Nd2 c5 4. Ngf3 cxd4 5. Nxd4 Nc6 6. Bb5 Bd7 7. Nxc6 bxc6 8. Bd3 Bd6 9. Qe2 e5 10. c4 d4 11. f4 exf4 12. e5 Bb4 13. O-O Ne7 14. Ne4 O-O 15. Qh5 Ng6 16. Ng5 h6 17. Nxf7 Rxf7 18. Qxg6 Qc8 19. Qh7+ Kf8 20. Bxf4 Ke7 21. Bxh6 Be6 22. Bg5+ Kd7 23. Rxf7+ Bxf7 24. Bf5+ Be6 25. Qxg7+ Ke8 26. Bg6+ Bf7 27. Qxf7# 1-0


[Site "https://www.chess.com"]

[Event "Titled Tuesday Blitz August 1 Early 2023"]
[White "FREDERICKtheMATE"]
[Black "Koellner, Ruben Gideon"]
[BlackFideId "12993093"]
[WhiteElo "2383"]
[BlackElo "2695"]
[Result "1/2-1/2"]
[Round "1"]
[TimeControl "180+1"]
[Date "2023.08.01"]
[WhiteClock "0:00:31"]
[BlackClock "0:00:25"]
[Board "119"]

1. Nf3 Nf6 2. g3 d5 3. Bg2 Nbd7 4. O-O c6 5. d4 e6 6. b3 Bd6 7. Bb2 O-O 8. c4 Ne4 9. Nbd2 f5 10. Ne1 a5 11. f3 Nxd2 12. Qxd2 f4 13. gxf4 Bxf4 14. e3 Bd6 15. f4 a4 16. Nd3 Nf6 17. c5 Bc7 18. Qe2 axb3 19. axb3 Rxa1 20. Rxa1 Bd7 21. Ne5 Be8 22. Bf3 Bg6 23. Nxg6 hxg6 24. Qg2 Kf7 25. Bc3 Rh8 26. Be1 Qb8 27. b4 b6 28. Qc2 b5 29. Ra6 g5 30. Rxc6 gxf4 31. exf4 Qb7 32. Rxc7+ Qxc7 33. Bg3 Qa7 34. Qd3 Qa1+ 35. Kg2 Qb2+ 36. Bf2 Qxb4 37. f5 exf5 38. Qxf5 Qc4 39. Bg4 Re8 40. Bh5+ Kf8 41. Bxe8 Kxe8 42. Qe6+ Kf8 43. c6 b4 44. Qd6+ Kf7 45. c7 b3 46. Qd8 b2 47. c8=Q Qxc8 48. Qxc8 b1=Q 49. Qc7+ Kg6 50. Qg3+ Kh7 51. Qh3+ Kg8 52. Qc8+ Kf7 53. Qc7+ Kg6 54. Qg3+ Kf5 55. Qxg7 Qe4+ 56. Kg1 Qb1+ 57. Kg2 Qe4+ 58. Kg1 Qb1+ 59. Kg2 1/2-1/2


[Site "https://www.chess.com"]

[Event "Titled Tuesday Blitz August 1 Early 2023"]
[White "Khachiyan, Melikset"]
[Black "Fisabilillah, Ummi"]
[WhiteFideId "13300512"]
[BlackFideId "7104804"]
[WhiteElo "2690"]
[BlackElo "2382"]
[Result "1-0"]
[Round "1"]
[TimeControl "180+1"]
[Date "2023.08.01"]
[WhiteClock "0:01:19"]
[BlackClock "0:01:08"]
[Board "120"]

1. e4 e6 2. d4 d5 3. Nc3 Bb4 4. e5 b6 5. a3 Bxc3+ 6. bxc3 Qd7 7. Qg4 f5 8. Qg3 Ba6 9. Bxa6 Nxa6 10. a4 Nb8 11. a5 Nc6 12. axb6 cxb6 13. Ne2 Kf7 14. Nf4 Nge7 15. h4 Rac8 16. h5 h6 17. Ba3 Rhe8 18. Rh3 Qc7 19. Bd6 Qd7 20. Qh4 Qd8 21. Rg3 a5 22. Rxg7+ Kxg7 23. Nxe6+ 1-0


[Site "https://www.chess.com"]

[Event "Titled Tuesday Blitz August 1 Early 2023"]
[White "Diaz Herquinio, Brahian"]
[Black "Koshulyan, Egor A."]
[WhiteFideId "3809480"]
[BlackFideId "24237000"]
[WhiteElo "2381"]
[BlackElo "2690"]
[Result "1-0"]
[Round "1"]
[TimeControl "180+1"]
[Date "2023.08.01"]
[WhiteClock "0:00:06"]
[BlackClock "0:00:22"]
[Board "121"]

1. e4 c5 2. Nf3 Nc6 3. d4 cxd4 4. Nxd4 Nf6 5. Nc3 e5 6. Ndb5 d6 7. Bg5 a6 8. Na3 Be6 9. Nd5 Be7 10. Nxe7 Qxe7 11. Nc4 Rd8 12. Ne3 h6 13. Bxf6 Qxf6 14. c3 O-O 15. g3 Ne7 16. Bg2 Qg6 17. O-O Rd7 18. Qe2 f5 19. exf5 Nxf5 20. Rfd1 Rdf7 21. Nxf5 Bxf5 22. Rd2 b5 23. Bd5 Be6 24. Bg2 Bc4 25. Qe3 Kh8 26. b3 Be6 27. Rxd6 Qf5 28. Rd2 Bc8 29. Re1 Re7 30. Be4 Qf6 31. Rde2 Bg4 32. Rd2 a5 33. Bg2 b4 34. f3 Bxf3 35. Rf2 e4 36. Bxf3 Rfe8 37. Bg2 Qc6 38. c4 a4 39. Rf4 axb3 40. axb3 Qa6 41. Rxe4 Rxe4 42. Bxe4 Qa2 43. Qf2 Qxb3 44. Bd5 Rd8 45. Qf3 Qc2 46. Qe4 Qd2 47. Re2 Qc1+ 48. Re1 Qd2 49. Qe7 Rb8 50. Qe2 Qd4+ 51. Qe3 Qf6 52. Be4 b3 53. Bb1 b2 54. Qe8+ Qf8 55. Qg6 Qc5+ 56. Kg2 Kg8 57. Qh7+ Kf7 58. Rf1+ Ke6 59. Qg6+ Kd7 60. Rf7+ Kd8 61. Qxg7 Qc6+ 62. Kh3 Qe6+ 63. Bf5 b1=Q 64. Rf8+ Qe8 65. Qd7# 1-0


[Site "https://www.chess.com"]

[Event "Titled Tuesday Blitz August 1 Early 2023"]
[White "Rosen, Eric"]
[Black "Al Mukhaini, Shima"]
[WhiteFideId "2032562"]
[BlackFideId "22005854"]
[WhiteElo "2685"]
[BlackElo "2379"]
[Result "0-1"]
[Round "1"]
[TimeControl "180+1"]
[Date "2023.08.01"]
[WhiteClock "0:00:00"]
[BlackClock "0:00:41"]
[Board "122"]

1. d4 d5 2. Bf4 Bf5 3. e3 e6 4. Nf3 Bd6 5. Bg3 Bxg3 6. hxg3 Nf6 7. Bd3 Bxd3 8. cxd3 Nbd7 9. Nc3 O-O 10. Rc1 c5 11. O-O cxd4 12. Nxd4 Rc8 13. g4 a6 14. g3 h6 15. Kg2 b5 16. Rh1 Ne5 17. Rh4 Ng6 18. Rh2 b4 19. Nce2 Nxg4 20. Rh1 Rxc1 21. Nxc1 Nf6 22. Qa4 Qd6 23. Nc2 Rb8 24. d4 Ne4 25. Nd3 Ne7 26. Ncxb4 Nf5 27. Qxa6 Rb6 28. Qc8+ Kh7 29. g4 Nxe3+ 30. Kf3 Nxg4 31. Kxg4 Rxb4 32. Nxb4 Nxf2+ 33. Kf3 Nxh1 34. Qc2+ g6 35. a3 Qg3+ 36. Ke2 Qf2+ 37. Kd3 Qf3+ 38. Kd2 Nf2 39. Qc7 Ne4+ 40. Kc2 Kg7 41. Nc6 Qe2+ 42. Kb1 Qd3+ 43. Ka2 Qc4+ 44. Kb1 Nd2+ 45. Ka1 Qc1+ 46. Ka2 Qc4+ 47. Ka1 Nb3+ 48. Kb1 Nxd4 49. Nxd4 Qxc7 50. Nc2 h5 51. b4 h4 52. b5 h3 53. a4 h2 54. a5 h1=Q+ 55. Kb2 Qxa5 56. Kb3 Qxb5+ 57. Kc3 Qf3+ 58. Kd2 Qbe2+ 59. Kc1 Qxc2+ 60. Kxc2 g5 0-1


[Site "https://www.chess.com"]

[Event "Titled Tuesday Blitz August 1 Early 2023"]
[White "Foerster-Yialamas, Lucas"]
[Black "Goltsev, Dmitry"]
[WhiteFideId "30901774"]
[BlackFideId "24176710"]
[WhiteElo "2377"]
[BlackElo "2682"]
[Result "0-1"]
[Round "1"]
[TimeControl "180+1"]
[Date "2023.08.01"]
[WhiteClock "0:00:08"]
[BlackClock "0:00:49"]
[Board "123"]

1. e4 e6 2. d4 d5 3. Nc3 c5 4. exd5 exd5 5. dxc5 Nf6 6. Bg5 Bxc5 7. Bxf6 Qxf6 8. Nf3 O-O 9. Qxd5 Bb4 10. Qd4 Qe7+ 11. Qe5 Qxe5+ 12. Nxe5 Re8 13. O-O-O Be6 14. Nb5 Na6 15. c3 Bc5 16. b4 Bxf2 17. Nd6 Re7 18. Bxa6 bxa6 19. Rhf1 Be3+ 20. Kb2 a5 21. b5 a4 22. c4 Bc5 23. Nc6 Rd7 24. Ne4 Bf8 25. Rc1 a3+ 26. Kb3 a6 27. Ng5 axb5 28. Nxe6 bxc4+ 29. Kxc4 fxe6 30. Rc2 Rd5 31. Re1 Rc8 32. Kb3 Rc7 33. Rxe6 Rb5+ 34. Ka4 Rb2 35. Ree2 Rxc6 36. Rxb2 axb2 37. Rxb2 Ra6+ 38. Kb5 Ra8 39. Re2 Bd6 40. g3 Kf7 41. a4 Rb8+ 42. Kc6 Bb4 43. Rf2+ Ke6 44. Re2+ Kf5 45. Rf2+ Ke4 46. Rf7 Bc3 47. a5 Ra8 48. Kb6 Rxa5 49. Rxg7 Bxg7 50. Kxa5 Kf3 51. Kb4 Bd4 52. Kc4 Bg1 53. h4 Bf2 54. h5 Bxg3 55. Kd3 Bf4 56. Kd4 Ke2 57. Ke4 Be3 58. Kf5 Kf3 59. Ke5 h6 60. Kf5 Bf4 61. Ke6 Kg4 62. Kd5 Kxh5 63. Ke4 Kg4 64. Kd3 Kg3 65. Ke2 Kg2 66. Kd3 Bg3 67. Ke4 h5 68. Kf5 h4 69. Kg4 h3 0-1


[Site "https://www.chess.com"]

[Event "Titled Tuesday Blitz August 1 Early 2023"]
[White "Turayev, Shahruh"]
[Black "Spichkin, Alexander"]
[WhiteFideId "14003856"]
[BlackFideId "4144074"]
[WhiteElo "2682"]
[BlackElo "2377"]
[Result "1-0"]
[Round "1"]
[TimeControl "180+1"]
[Date "2023.08.01"]
[WhiteClock "0:00:26"]
[BlackClock "0:00:15"]
[Board "124"]

1. d4 e6 2. c4 f5 3. Nc3 Bb4 4. g3 Nf6 5. Bg2 Bxc3+ 6. bxc3 O-O 7. Nh3 Ne4 8. O-O Nxc3 9. Qc2 Ne4 10. Bxe4 fxe4 11. Qxe4 d5 12. Qc2 Nc6 13. Rd1 e5 14. Ng5 Bf5 15. e4 Nxd4 16. Rxd4 exd4 17. exf5 Qf6 18. cxd5 d3 19. Qb1 Qxf5 20. Be3 Qxd5 21. Nh3 Rad8 22. Nf4 Qc4 23. Qxb7 Qc2 24. Qb3+ Qxb3 25. axb3 d2 26. Rd1 a5 27. Ne6 Rd3 28. Nxf8 Kxf8 29. Rxd2 Rxb3 30. Rd7 Rc3 31. Rd5 a4 32. Ra5 Rc4 33. Kf1 Ke7 34. Ke2 Kd6 35. Kd3 Rg4 36. h3 Rg6 37. Rxa4 c6 38. Rd4+ Ke5 39. Rg4 Rd6+ 40. Kc4 Rd7 41. Rxg7 Rd1 42. Rxh7 Kf5 43. g4+ Ke4 44. Re7+ Kf3 45. g5 Rg1 46. Kc5 Kg2 47. g6 Kxh3 48. g7 Kh4 49. Kxc6 Kh5 50. Kd7 Rg2 51. Ke8 Rg1 52. Kf8 Rg4 53. Kg8 Rg6 54. Kh7 Rf6 55. Re5+ Kh4 56. Bg5+ Kg4 57. Bxf6 Kf3 58. g8=Q 1-0


[Site "https://www.chess.com"]

[Event "Titled Tuesday Blitz August 1 Early 2023"]
[White "Bueno, Alfeu Junior Varela"]
[Black "Rendle, Thomas E"]
[WhiteFideId "2108879"]
[BlackFideId "408760"]
[WhiteElo "2376"]
[BlackElo "2679"]
[Result "0-1"]
[Round "1"]
[TimeControl "180+1"]
[Date "2023.08.01"]
[WhiteClock "0:00:01"]
[BlackClock "0:00:28"]
[Board "125"]

1. e4 e6 2. d4 d5 3. Nd2 a6 4. Bd3 c5 5. c3 Nc6 6. Ne2 cxd4 7. cxd4 dxe4 8. Nxe4 Bb4+ 9. Bd2 Nf6 10. O-O Be7 11. Bg5 Nxe4 12. Bxe7 Nxf2 13. Bxd8 Nxd1 14. Bc7 Nxb2 15. Be4 Bd7 16. Rab1 Rc8 17. Bg3 Nc4 18. Bd3 Nd2 19. Rxb7 Nxf1 20. Kxf1 Nd8 21. Bxa6 Nxb7 22. Bxb7 Rc2 23. a4 Bxa4 24. Ke1 O-O 25. Be4 Rc4 26. Kd2 Rd8 27. Bd3 Rcxd4 28. Nxd4 Rxd4 29. Ke3 Rd8 30. Bc7 Rc8 31. Bg3 Bc6 32. Bf1 Bd5 33. Be5 Rc2 34. g4 f6 35. Bg3 e5 36. Bd3 Rc3 37. Kd2 Ra3 38. Ke3 e4 0-1


[Site "https://www.chess.com"]

[Event "Titled Tuesday Blitz August 1 Early 2023"]
[White "Nagare Kaivalya Sandip"]
[Black "Luong Phuong Hanh"]
[WhiteFideId "25957929"]
[BlackFideId "12401013"]
[WhiteElo "2676"]
[BlackElo "2376"]
[Result "1-0"]
[Round "1"]
[TimeControl "180+1"]
[Date "2023.08.01"]
[WhiteClock "0:01:52"]
[BlackClock "0:01:23"]
[Board "126"]

1. e4 c5 2. Nf3 e6 3. d4 cxd4 4. Nxd4 a6 5. Bd3 Bc5 6. Nb3 Be7 7. Qg4 g6 8. Qe2 d6 9. c4 Nd7 10. Nc3 b6 11. O-O Bb7 12. a4 Qc7 13. a5 Ngf6 14. Be3 Nc5 15. axb6 Qxb6 16. Na5 O-O 17. b4 Qxb4 18. Bd4 e5 19. Bxc5 dxc5 20. Qc2 Bc8 21. Rfb1 Qxb1+ 22. Rxb1 Bd7 23. Nd5 Nxd5 24. cxd5 Bd6 25. Nb7 Bb8 26. Nxc5 Rc8 27. Nxd7 1-0


[Site "https://www.chess.com"]

[Event "Titled Tuesday Blitz August 1 Early 2023"]
[White "Stork, Oliver"]
[Black "Voege, Tobias"]
[WhiteFideId "12955728"]
[BlackFideId "1270513"]
[WhiteElo "2375"]
[BlackElo "2675"]
[Result "0-1"]
[Round "1"]
[TimeControl "180+1"]
[Date "2023.08.01"]
[WhiteClock "0:00:00"]
[BlackClock "0:00:10"]
[Board "127"]

1. e4 c6 2. Nf3 d5 3. Nc3 dxe4 4. Nxe4 Nf6 5. Qe2 Bf5 6. Nxf6+ gxf6 7. d3 e6 8. g3 Na6 9. Nh4 Bg6 10. Bg2 Bg7 11. O-O O-O 12. Be3 f5 13. c3 Qe7 14. d4 Nc7 15. c4 Rfd8 16. Rfd1 Rd7 17. Rd2 Rad8 18. Rad1 Bf6 19. Nxg6 hxg6 20. h4 Kg7 21. Rd3 Na6 22. a3 Qf8 23. Qd2 Kg8 24. b4 Qg7 25. d5 exd5 26. cxd5 cxd5 27. Bxd5 Kh7 28. Bxb7 Rxd3 29. Qxd3 Rxd3 30. Rxd3 Nc7 31. Rd7 Be5 32. Bxa7 f4 33. Bb6 fxg3 34. Bxc7 gxf2+ 35. Kxf2 Qf6+ 36. Kg2 Bxc7 37. Rxc7 Qb2+ 38. Kh1 Qa1+ 39. Kg2 Qa2+ 40. Kh1 Qb1+ 41. Kg2 Kh6 42. Bf3 Qa2+ 43. Kg3 Qxa3 44. Rb7 f5 45. b5 Qd6+ 46. Kf2 Qh2+ 47. Ke3 Qxh4 48. b6 Qe1+ 49. Kf4 Qd2+ 50. Kg3 Kg5 51. Re7 f4+ 52. Kh3 Qf2 53. Re5+ Kf6 0-1


[Site "https://www.chess.com"]

[Event "Titled Tuesday Blitz August 1 Early 2023"]
[White "Rastbod, Ali"]
[Black "Rosenberg, Evan S"]
[WhiteFideId "12567477"]
[BlackFideId "2019299"]
[WhiteElo "2674"]
[BlackElo "2375"]
[Result "1-0"]
[Round "1"]
[TimeControl "180+1"]
[Date "2023.08.01"]
[WhiteClock "0:00:12"]
[BlackClock "0:00:09"]
[Board "128"]

1. Nf3 d5 2. b3 c5 3. Bb2 f6 4. e3 e5 5. Bb5+ Nc6 6. Nc3 d4 7. Bxc6+ bxc6 8. Na4 e4 9. Ng1 f5 10. Nh3 Ba6 11. Nf4 Nf6 12. Ba3 Nd5 13. Qh5+ g6 14. Nxg6 Nf6 15. Qh4 hxg6 16. Qxh8 dxe3 17. fxe3 Kf7 18. Bxc5 Bxc5 19. Qxd8 Rxd8 20. Nxc5 Bc8 21. O-O-O Ng4 22. Rdf1 Kg7 23. h3 Ne5 24. Rf2 Rd5 25. Na4 Bd7 26. Nc3 Ra5 27. Kb2 Ra6 28. Rd1 Rb6 29. Kc1 a5 30. d4 exd3 31. cxd3 c5 32. d4 cxd4 33. exd4 Nf7 34. Nd5 Rc6+ 35. Kb2 Rd6 36. Nf4 a4 37. Re2 Ng5 38. d5 axb3 39. axb3 Ne4 40. g4 Kf6 41. gxf5 gxf5 42. Rg1 Be8 43. h4 Ke5 44. Rf1 Rb6 45. Re3 Kd4 46. Rd3+ Kc5 47. d6 Bb5 48. Rc1+ Kb4 49. Nd5+ Ka5 50. Ra1+ Ba4 51. Rxa4+ Kb5 52. Nxb6 Kxb6 53. d7 Nc5 54. d8=Q+ Kb5 55. Qd5 f4 56. Qc4+ Kb6 57. Rd6+ Kb7 58. Qb5+ Kc8 59. Qxc5+ Kb7 60. Rb4+ Ka8 61. Rd8# 1-0


[Site "https://www.chess.com"]

[Event "Titled Tuesday Blitz August 1 Early 2023"]
[White "Begunov, Konstantin"]
[Black "Do Valle Cardoso, Lucas"]
[WhiteFideId "4118510"]
[BlackFideId "2163144"]
[WhiteElo "2372"]
[BlackElo "2674"]
[Result "1-0"]
[Round "1"]
[TimeControl "180+1"]
[Date "2023.08.01"]
[WhiteClock "0:00:01"]
[BlackClock "0:00:00"]
[Board "129"]

1. d4 d5 2. c4 dxc4 3. Nf3 Nf6 4. e3 b5 5. a4 b4 6. Bxc4 e6 7. O-O Be7 8. Nbd2 O-O 9. Nb3 Nbd7 10. Na5 c5 11. Nc6 Qe8 12. Nxe7+ Qxe7 13. Qe2 Bb7 14. Rd1 Rac8 15. a5 cxd4 16. Nxd4 Ne5 17. Bb5 Rfd8 18. a6 Bd5 19. Bd2 h5 20. Be1 h4 21. h3 Ne4 22. Ra4 Qg5 23. f4 Qf6 24. fxe5 Qxe5 25. Bxh4 g5 26. Be1 Ba8 27. Rxb4 Rb8 28. Bd3 Rxb4 29. Bxb4 Rxd4 30. exd4 Qxd4+ 31. Kh2 Qe5+ 32. Kg1 Qd4+ 33. Kh2 Qxb4 34. Bxe4 Bxe4 35. Qe3 Qb8+ 36. Qg3 Qb5 37. Rd4 Bg6 38. Qe3 Qxa6 39. Qe5 Qb6 40. Rc4 Qd8 41. Rc7 1-0


[Site "https://www.chess.com"]

[Event "Titled Tuesday Blitz August 1 Early 2023"]
[White "Itgelt, Khuyagtsogt"]
[Black "Rodriguez Santiago, Jaime"]
[WhiteFideId "4902912"]
[BlackFideId "3100898"]
[WhiteElo "2671"]
[BlackElo "2372"]
[Result "1-0"]
[Round "1"]
[TimeControl "180+1"]
[Date "2023.08.01"]
[WhiteClock "0:00:05"]
[BlackClock "0:00:09"]
[Board "130"]

1. d4 Nf6 2. Nf3 d5 3. g3 c5 4. Bg2 Nc6 5. O-O e6 6. c4 dxc4 7. Qa4 Bd7 8. Qxc4 b5 9. Qd3 c4 10. Qd1 Rc8 11. Bg5 Be7 12. Nbd2 O-O 13. e4 h6 14. Bxf6 Bxf6 15. e5 Be7 16. Ne4 Nb4 17. Qe2 Bc6 18. Rfd1 Qb6 19. Ne1 Rfd8 20. a3 Nd5 21. Nc2 a5 22. Ne3 Qb7 23. Ng4 Kf8 24. h4 Nb6 25. Qe3 Ke8 26. f3 b4 27. axb4 axb4 28. Rac1 Nd5 29. Qf2 Ba4 30. Re1 c3 31. bxc3 bxc3 32. f4 c2 33. f5 exf5 34. Nd6+ Bxd6 35. exd6+ Kf8 36. Qxf5 Rxd6 37. Qh7 Re6 38. Rxe6 fxe6 39. Qh8+ Ke7 40. Qxg7+ Kd6 41. Qxb7 Rc7 42. Bxd5 Bb5 43. Qb6+ Kxd5 44. Qxc7 Bd3 45. Qe5+ 1-0


[Site "https://www.chess.com"]

[Event "Titled Tuesday Blitz August 1 Early 2023"]
[White "Lopez Gracia, Fernando"]
[Black "caropawn10"]
[WhiteFideId "2207184"]
[WhiteElo "2368"]
[BlackElo "2669"]
[Result "0-1"]
[Round "1"]
[TimeControl "180+1"]
[Date "2023.08.01"]
[WhiteClock "0:00:58"]
[BlackClock "0:02:20"]
[Board "131"]

1. e4 c6 2. Nf3 d5 3. d3 Bg4 4. g3 dxe4 5. Nbd2 Bxf3 6. Nxf3 exf3 7. Qxf3 Nf6 8. Bg2 g6 9. Bg5 Bg7 10. O-O-O O-O 11. h4 h5 12. Rde1 Nbd7 13. Qe2 Qa5 14. Kb1 e6 15. f3 Nd5 16. Bd2 Qb6 17. b3 Qd4 18. c3 Nxc3+ 19. Bxc3 Qxc3 20. g4 Qa1+ 21. Kc2 Qxa2+ 22. Kd1 Qxb3+ 23. Kc1 Qc3+ 24. Kd1 Nc5 25. gxh5 Nxd3 0-1


[Site "https://www.chess.com"]

[Event "Titled Tuesday Blitz August 1 Early 2023"]
[White "Skliarov, Viktor"]
[Black "Silva, Pedro Gil Ferreira Da"]
[WhiteFideId "14106736"]
[BlackFideId "1946102"]
[WhiteElo "2668"]
[BlackElo "2368"]
[Result "1-0"]
[Round "1"]
[TimeControl "180+1"]
[Date "2023.08.01"]
[WhiteClock "0:00:50"]
[BlackClock "0:00:50"]
[Board "132"]

1. e4 c5 2. Nf3 e6 3. c3 Nf6 4. Bd3 Nc6 5. Bc2 Qc7 6. O-O d5 7. exd5 Nxd5 8. d4 cxd4 9. Nxd4 Bd7 10. Re1 Be7 11. Nb5 Qb6 12. a4 O-O 13. Nd2 a6 14. Na3 Rfd8 15. Ne4 Be8 16. Qf3 Nf6 17. Qh3 g6 18. Nc4 Qc7 19. a5 Nxe4 20. Bxe4 f5 21. Bc2 e5 22. Be3 Qb8 23. Bb6 Rd7 24. Qg3 e4 25. Qh3 Bf7 26. Bb3 Qf8 27. f3 exf3 28. Qxf3 Bc5+ 29. Kh1 Re8 30. Rxe8 Bxe8 31. Ne5+ 1-0


[Site "https://www.chess.com"]